 Dungeon Crawl Stone Soup version 0.21-a0-450-gd87a9b2 (webtiles) character file.

28 slep the Skirmisher (level 2, -2/24 HPs)
             Began as a Demonspawn Monk on Nov 19, 2017.
             Slain by an ice beast (13 damage)
             ... on level 2 of the Dungeon.
             The game lasted 00:04:37 (1230 turns).

slep the Skirmisher (Demonspawn Monk)               Turns: 1230, Time: 00:04:37

Health: -2/24      AC:  5    Str: 11    XL:     2   Next: 96%
Magic:  2/2        EV: 11    Int: 11    God:
Gold:   47         SH:  0    Dex: 15    Spells: 1/1 levels left

rFire    . . .     SeeInvis .   a - +0 falchion
rCold    . . .     Gourm    .   (no shield)
rNeg     . . .     Faith    .   h - +0 ring mail
rPois    .         Spirit   .   (no helmet)
rElec    .         Reflect  .   (no cloak)
rCorr    .         Harm     .   (no gloves)
MR       .....                  (no boots)
Stlth    +.........             (no amulet)
HPRegen  0.08/turn              (no ring)
MPRegen  0.08/turn              (no ring)

@: flying, hasted, very quick
A: rot immunity
a: no special abilities


You were on level 2 of the Dungeon.
You were hungry.

You visited 1 branch of the dungeon, and saw 2 of its levels.

You collected 47 gold pieces.

Inventory:

Hand Weapons
 a - a +0 falchion (weapon)
 l - a +2 dagger of holy wrath
 n - a cursed -3 dagger
Armour
 h - a +0 ring mail (worn)
Scrolls
 b - a scroll of magic mapping {unknown}
 d - a scroll of noise {unknown}
 i - 2 scrolls of remove curse {unknown}
 j - a scroll of identify {unknown}
 m - a scroll of blinking {unknown}
Potions
 k - a potion of flight
Comestibles
 c - 4 bread rations
 f - a royal jelly
 g - 6 fruits


   Skills:
 + Level 3.4 Fighting
 + Level 3.0 Long Blades
 + Level 0.1 Armour
 + Level 3.1 Dodging
 + Level 1.9 Stealth


You had one spell level left.
You didn't know any spells.

Dungeon Overview and Level Annotations

Branches:
Dungeon (2/15)

Altars:
Nemelex Xobeh

Annotations:
D:2 1 transporter


Innate Abilities, Weirdness & Mutations

You are immune to rotting.


Message History

The ogre shouts!
The giant cockroach waves its antennae.
There is a transporter here.
It was a potion of flight.
You feel very buoyant.
You fly up into the air.
It was a potion of haste.
You feel yourself speed up.
You enter the transporter and appear at another place.
Unknown command.
You barely miss the ogre. The ogre barely misses you.
The giant cockroach closely misses you.
You riposte.
You hit the giant cockroach.
The giant cockroach is almost dead.
You barely miss the ice beast. You closely miss the ice beast.
The ice beast hits you. The ice beast freezes you.
Your ring mail prevents you from hitting the ice beast.
The ice beast hits you. The ice beast freezes you!
Ouch! That really hurt!
You die...

#.......#########...#
#.<....##.$.....##..#
####.#.#8.##.##.8#..##
#.#.#..##.##%$#...#
#...#.......$$#...#
#..©#..©....$_#©..#
##..#.O.Os..!.#..##
##.#..##Y##$$#.##
#.#8.##@##.8#.#
#.##...©...##.#
#..#########..#
##...........##
#############


You could see an ice beast, an ogre and a giant cockroach.

Vanquished Creatures
  An adder (D:2)
  A leopard gecko (D:1)
  2 goblins (D:1)
  3 hobgoblins
  A bat (D:1)
  A frilled lizard (D:1)
  7 kobolds
  2 rats
18 creatures vanquished.

Notes
Turn   | Place    | Note
-------+----------+-------------------------------------------
     0 | D:1      | slep the Demonspawn Monk began the quest for the Orb.
     0 | D:1      | Reached XP level 1. HP: 18/18 MP: 1/1
   308 | D:1      | Gained mutation: You are immune to rotting. [demonic ancestry]
   308 | D:1      | Reached XP level 2. HP: 19/24 MP: 2/2
   693 | D:2      | Found a transporter.
   706 | D:2      | Noticed an ogre
   710 | D:2      | Found a sparkling altar of Nemelex Xobeh.
   712 | D:2      | Noticed an ice beast
   721 | D:2      | Found a transporter.
  1230 | D:2      | Slain by an ice beast

Vault maps used:
D:1:      dpeg_arrival_arbitrary_c
D:2:      gammafunk_temple_overflow_arena, first_bread,
          kennysheep_generic_room_4

Skill      XL: |  1  2 |
---------------+-------+-----
Dodging        | 3 |  3.1
Long Blades    | 3 |  3.0
Fighting       | |  3.4
Armour         | |  0.1
Stealth        | |  1.9

Action                   || total
-------------------------++-------
Melee: Falchion          ||    61
  Use: Potion            ||     2
 Stab: Sleeping          ||     1
Armor: Robe              ||     1
       Ring mail         ||    11
Dodge: Dodged            ||    43
       Rpst.: Falchion   ||    12

Table legend:
 A = Spawn XP
 B = Non-spawn XP
 C = Spawn XP percentage of total XP
 D = Spawn monster count
 E = Non-spawn monster count
 F = Spawn count percentage of total count
 G = Total turns spent on level
                    A         B        C        D         E        F      G
               +---------+---------+-------+---------+---------+-------+---------
         Total |       0 |      40 |   0.0 |       0 |      18 |   0.0 |  1230
               +---------+---------+-------+---------+---------+-------+---------
           D:1 |       0 |      17 |   0.0 |       0 |      11 |   0.0 |   692
           D:2 |       0 |      23 |   0.0 |       0 |       7 |   0.0 |   538
               +---------+---------+-------+---------+---------+-------+---------
